Flyers vs Capitals (R1)

Created - 7 janvier 2015 at 19:50

Goals
1 2 3 T
Flyers 0 2 3 5
Capitals 1 0 1 2
Shots
1 2 3 T
Flyers 12 16 7 35
Capitals 8 6 12 26

1st period

1. Capitals , Ryan Getzlaf 12 (Loui Eriksson, Ales Hemsky) at 6:07 (PP)

Penalties :
Eric Brewer (Phi) for Roughing (Minor) at 4:41, Chris Kunitz (Was) for Holding (Minor) at 6:50, Jeff O'Neill (Phi) for Tripping (Minor) at 17:01

2nd period

2. Flyers , Miroslav Satan 15 (Stephane Robidas, Ryane Clowe) at 2:55 (PP)
3. Flyers , Jonathan Ericsson 3 (Paul Gaustad, Miroslav Satan) at 16:32

Penalties :
Loui Eriksson (Was) for Roughing (Minor) at 2:18, Petr Schastlivy (Phi) for Interference (Minor) at 7:45, Ryan Getzlaf (Was) for Hooking (Minor) at 14:48, Eric Brewer (Phi) for Tripping (Minor) at 15:38

3rd period

4. Flyers , Martin St. Louis 21 (Jeff Carter, Scott Hartnell) at 8:41
5. Capitals , Thomas Vanek 25 (Nicklas Backstrom, Jarome Iginla) at 13:57 (PP)
6. Flyers , Miroslav Satan 16 (Paul Gaustad, Ryane Clowe) at 17:18
7. Flyers , Marcel Hossa 11 (Jonathan Ericsson) at 17:26

Penalties :
Tim Thomas (Was) for Slashing (Minor) at 1:14 - David Krejci served the penalty, Jeff Carter (Phi) for Slashing (Minor) at 2:07, Nicklas Backstrom (Was) for Hooking (Minor) at 4:41, Tom Poti (Was) for Hooking (Minor) at 5:26, Stephane Robidas (Phi) for Roughing (Minor) at 13:47, Jeff Carter (Phi) for Holding (Minor) at 17:48

Goalie Stats

Chris Mason (Phi), 24 saves from 26 shots - (0,923), W, 1-4-2, 60:00 minutes
Tim Thomas (Was), 30 saves from 35 shots - (0,857), L, 15-16-2, 60:00 minutes

Players Stats for Flyers

Player Name              G  A  P  +/- PIM S  H  SB GA TA FO     MP     PP MP  PK MP  
------------------------------------------------------------------------------------
Eric Brewer              0  0  0   1  4   6  1  2  0  0  0/0    22:09   1:41   3:41 
Jeff Carter              0  1  1   1  4   5  1  0  1  0  16/27  19:00   3:35   1:07 
Jeff O'Neill             0  0  0   1  2   0  2  1  0  0  4/8    14:03   0:00   3:52 
Jonathan Ericsson        1  1  2   2  0   3  1  4  1  1  0/0    27:56   5:21   5:21 
Ladislav Smid            0  0  0   1  0   0  1  3  1  0  0/0    19:08   0:00   4:25 
Marcel Hossa             1  0  1   1  0   2  1  0  0  0  0/0    11:06   0:00   1:27 
Martin St. Louis         1  0  1   1  0   2  1  1  0  1  1/4    18:14   3:36   0:11 
Matthew Lombardi         0  0  0   0  0   1  1  1  1  0  3/4    10:50   0:00   4:05 
Michael Ryder            0  0  0   1  0   3  1  1  2  0  0/1     9:03   0:00   0:00 
Miroslav Satan           2  1  3   2  0   6  1  0  1  0  0/0    15:32   3:27   0:00 
Pascal Dupuis            0  0  0   0  0   0  1  0  0  0  0/0     9:01   0:00   2:16 
Paul Gaustad             0  2  2   2  0   3  1  0  0  0  3/11   17:09   3:27   0:18 
Petr Schastlivy          0  0  0   0  2   1  2  0  0  0  0/0     7:15   0:00   0:08 
Ryane Clowe              0  2  2   1  0   1  0  1  0  0  0/0    15:20   3:27   0:00 
Scott Hannan             0  0  0   1  0   0  0  0  0  0  0/0    11:15   0:00   0:22 
Scott Hartnell           0  1  1   1  0   1  2  0  1  0  1/1    21:40   3:36   5:08 
Stephane Robidas         0  1  1   2  2   0  5  1  0  1  0/0    23:02   5:21   0:00 
Trevor Daley             0  0  0   1  0   1  1  1  0  1  0/0    16:39   1:42   4:43 

Players Stats for Capitals

Player Name              G  A  P  +/- PIM S  H  SB GA TA FO     MP     PP MP  PK MP  
------------------------------------------------------------------------------------
Adam Hall                0  0  0   0  0   0  0  0  0  0  0/0     5:25   0:00   0:00 
Ales Hemsky              0  1  1   0  0   1  3  0  0  0  0/0    15:08   4:14   0:00 
Anton Volchenkov         0  0  0  -1  0   2  0  1  0  2  0/0    27:16   5:16   4:56 
Bryce Salvador           0  0  0   0  0   1  0  1  0  0  0/0    11:00   0:00   0:00 
Chris Kunitz             0  0  0  -1  2   3  1  0  0  0  0/1    14:56   1:02   0:00 
David Krejci             0  0  0   0  0   2  1  0  0  0  3/5     6:22   0:53   0:00 
Jarome Iginla            0  1  1  -3  0   2  2  0  1  2  4/12   25:29   3:46   4:22 
Jay Harrison             0  0  0   0  0   2  0  1  0  0  0/0    10:37   0:00   0:42 
Loui Eriksson            0  1  1   0  2   1  2  0  0  0  0/0    15:26   4:15   0:10 
Lukas Krajicek           0  0  0   0  0   0  0  0  0  0  0/0     3:14   0:00   0:38 
Marc-Édouard Vlasic      0  0  0  -3  0   1  1  1  0  0  0/0    20:41   4:00   2:07 
Nicklas Backstrom        0  1  1  -2  2   1  1  1  0  1  10/23  18:32   3:54   1:40 
Paul Stastny             0  0  0  -1  0   1  1  1  1  0  1/3    14:58   1:18   0:00 
Phil Kessel              0  0  0  -1  0   2  0  0  2  0  0/0    13:45   0:00   1:07 
Ryan Getzlaf             1  0  1   0  2   2  1  0  0  0  7/7    17:28   4:26   1:23 
Ryan Suter               0  0  0  -3  0   1  2  3  0  0  0/0    20:41   4:00   2:07 
Thomas Vanek             1  0  1  -3  0   1  1  0  0  0  3/5    21:54   4:00   4:10 
Tom Poti                 0  0  0  -1  2   3  0  1  0  3  0/0    26:31   5:16   3:35 

3 Stars

1 - Miroslav Satan (Phi)
2 - Jonathan Ericsson (Phi)
3 - Paul Gaustad (Phi)

Power Play

Flyers - 1 on 6 Attempt(s) - 16,67%
Capitals - 2 on 7 Attempt(s) - 28,57%

Penalty Kill

Flyers - 5 on 7 Attempt(s) - 71,43% - Score 0 goal in Penalty Kill
Capitals - 5 on 6 Attempt(s) - 83,33% - Score 0 goal in Penalty Kill

Official

Referees : Banfield David and O'Halloran Dan
Linesman : David Brisebois and Tim Nowak

Game Notes

No Game Note

Finance

Level 1 -- Attendance: 5912 (98,53%) -- Ticket Income 455 224 $
Level 2 -- Attendance: 5000 (100,00%) -- Ticket Income 210 000 $
Level 3 -- Attendance: 2000 (100,00%) -- Ticket Income 54 000 $
Level 4 -- Attendance: 3546 (88,65%) -- Ticket Income 56 736 $
Luxury Box -- Attendance: 1000 (100,00%) -- Ticket Income 163 000 $
Game was played at the Verizon Center
Total Attendance: 17458 (96,99%)
Total Ticket Income: 938 960 $
Other Income: 140 844 $
Total Income: 1 079 804 $

Flyers

5 vs 5 Forward 
   Center                   Left Wing                Right Wing               Time % Phy DF OF 
 1 Jeff Carter              Scott Hartnell           Martin St. Louis         40     1   2  2  
 2 Paul Gaustad             Ryane Clowe              Miroslav Satan           30     1   2  2  
 3 Jeff O'Neill             Marcel Hossa             Michael Ryder            20     1   2  2  
 4 Matthew Lombardi         Petr Schastlivy          Pascal Dupuis            10     1   2  2  

5 vs 5 Defense 
   Defense                  Defense                                           Time % Phy DF OF 
 1 Stephane Robidas         Jonathan Ericsson                                 35     1   2  2  
 2 Eric Brewer              Ladislav Smid                                     35     1   2  2  
 3 Trevor Daley             Scott Hannan                                      20     1   2  2  
 4 Stephane Robidas         Eric Brewer                                       10     1   2  2  

PowerPlay Forward 
   Center                   Left Wing                Right Wing               Time % Phy DF OF 
 1 Jeff Carter              Scott Hartnell           Martin St. Louis         60     1   2  2  
 2 Paul Gaustad             Ryane Clowe              Miroslav Satan           40     1   2  2  

PowerPlay Defense
   Defense                  Defense                                           Time % Phy DF OF 
 1 Stephane Robidas         Jonathan Ericsson                                 60     1   2  2  
 2 Trevor Daley             Eric Brewer                                       40     1   2  2  

Penalty Kill 4 Players Forward 
   Center                   Wing                     Time % Phy DF OF 
 1 Jeff O'Neill             Scott Hartnell           60     1   2  2  
 2 Matthew Lombardi         Pascal Dupuis            40     1   2  2  

Penalty Kill 4 Players Defense
   Defense                  Defense                  Time % Phy DF OF 
 1 Trevor Daley             Jonathan Ericsson        60     1   2  2  
 2 Ladislav Smid            Eric Brewer              40     1   2  2  

Penalty Kill - 3 Players Forward 
   Forward                                           Time % Phy DF OF 
 1 Jeff O'Neill                                      60     1   2  2  
 2 Matthew Lombardi                                  40     1   2  2  

Penalty Kill - 3 Players Defense
   Defense                  Defense                  Time % Phy DF OF 
 1 Trevor Daley             Jonathan Ericsson        60     1   2  2  
 2 Ladislav Smid            Eric Brewer              40     1   2  2  

4 vs 4 Forward 
   Center                   Wing                     Time % Phy DF OF 
 1 Martin St. Louis         Jeff Carter              60     1   2  2  
 2 Paul Gaustad             Miroslav Satan           40     1   2  2  

4 vs 4 Defense
   Defense                  Defense                  Time % Phy DF OF 
 1 Stephane Robidas         Jonathan Ericsson        60     1   2  2  
 2 Trevor Daley             Eric Brewer              40     1   2  2  

Last Minutes Offensive
   Center                   Left Wing                Right Wing               Defense                  Defense                  
   Jeff Carter              Scott Hartnell           Martin St. Louis         Stephane Robidas         Eric Brewer              

Last Minutes Defensive
   Center                   Left Wing                Right Wing               Defense                  Defense                  
   Martin St. Louis         Matthew Lombardi         Pascal Dupuis            Ladislav Smid            Jonathan Ericsson        

Goaltenders
Starting : Chris Mason              
Backup : Antti Niemi              

Extra Forwards
Normal : Jeff Carter, Paul Gaustad, Martin St. Louis - PP : Jeff Carter, Miroslav Satan - PK : Matthew Lombardi
Extra Defensemen
Normal : Stephane Robidas, Jonathan Ericsson, Eric Brewer - PP : Stephane Robidas - PK : Jonathan Ericsson, Ladislav Smid
Penalty Shots
Jeff Carter, Martin St. Louis, Jeff O'Neill, Miroslav Satan, Matthew Lombardi

Capitals

5 vs 5 Forward 
   Center                   Left Wing                Right Wing               Time % Phy DF OF 
 1 Nicklas Backstrom        Thomas Vanek             Jarome Iginla            40     1   2  2  
 2 Ryan Getzlaf             Loui Eriksson            Ales Hemsky              30     1   2  2  
 3 Paul Stastny             Chris Kunitz             Phil Kessel              20     1   2  2  
 4 David Krejci             Jarome Iginla            Adam Hall                10     1   2  2  

5 vs 5 Defense 
   Defense                  Defense                                           Time % Phy DF OF 
 1 Tom Poti                 Anton Volchenkov                                  40     1   2  2  
 2 Marc-Édouard Vlasic      Ryan Suter                                        30     1   2  2  
 3 Bryce Salvador           Jay Harrison                                      20     1   2  2  
 4 Lukas Krajicek           Tom Poti                                          10     1   2  2  

PowerPlay Forward 
   Center                   Left Wing                Right Wing               Time % Phy DF OF 
 1 Nicklas Backstrom        Thomas Vanek             Jarome Iginla            60     1   2  2  
 2 Ryan Getzlaf             Loui Eriksson            Ales Hemsky              40     1   2  2  

PowerPlay Defense
   Defense                  Defense                                           Time % Phy DF OF 
 1 Tom Poti                 Anton Volchenkov                                  60     1   2  2  
 2 Marc-Édouard Vlasic      Ryan Suter                                        40     1   2  2  

Penalty Kill 4 Players Forward 
   Center                   Wing                     Time % Phy DF OF 
 1 Jarome Iginla            Thomas Vanek             60     1   2  2  
 2 Nicklas Backstrom        Ryan Getzlaf             40     1   2  2  

Penalty Kill 4 Players Defense
   Defense                  Defense                  Time % Phy DF OF 
 1 Tom Poti                 Anton Volchenkov         60     1   2  2  
 2 Marc-Édouard Vlasic      Ryan Suter               40     1   2  2  

Penalty Kill - 3 Players Forward 
   Forward                                           Time % Phy DF OF 
 1 Jarome Iginla                                     60     1   2  2  
 2 Thomas Vanek                                      40     1   2  2  

Penalty Kill - 3 Players Defense
   Defense                  Defense                  Time % Phy DF OF 
 1 Tom Poti                 Anton Volchenkov         60     1   2  2  
 2 Marc-Édouard Vlasic      Ryan Suter               40     1   2  2  

4 vs 4 Forward 
   Center                   Wing                     Time % Phy DF OF 
 1 Jarome Iginla            Thomas Vanek             60     1   2  2  
 2 Nicklas Backstrom        Ryan Getzlaf             40     1   2  2  

4 vs 4 Defense
   Defense                  Defense                  Time % Phy DF OF 
 1 Tom Poti                 Anton Volchenkov         60     1   2  2  
 2 Marc-Édouard Vlasic      Ryan Suter               40     1   2  2  

Last Minutes Offensive
   Center                   Left Wing                Right Wing               Defense                  Defense                  
   Nicklas Backstrom        Thomas Vanek             Jarome Iginla            Tom Poti                 Anton Volchenkov         

Last Minutes Defensive
   Center                   Left Wing                Right Wing               Defense                  Defense                  
   Nicklas Backstrom        Thomas Vanek             Jarome Iginla            Tom Poti                 Anton Volchenkov         

Goaltenders
Starting : Tim Thomas               
Backup : Jonathan Bernier         

Extra Forwards
Normal : Paul Stastny, Chris Kunitz, Phil Kessel - PP : Paul Stastny, Chris Kunitz - PK : Phil Kessel
Extra Defensemen
Normal : Bryce Salvador, Jay Harrison, Lukas Krajicek - PP : Bryce Salvador - PK : Jay Harrison, Lukas Krajicek
Penalty Shots
Jarome Iginla, Thomas Vanek, Nicklas Backstrom, Ryan Getzlaf, Paul Stastny

% Time on Ice - Flyers

Lines # - Real PCT - Wanted PCT - Time Play
Normal Forward
1 - 33% - 40% - 13:45
2 - 29% - 30% - 12:09
3 - 22% - 20% - 9:03
4 - 16% - 10% - 6:29
Normal Defense
1 - 36% - 35% - 15:07
2 - 36% - 35% - 15:05
3 - 23% - 20% - 9:35
4 - 4% - 10% - 1:39
PP Forward
1 - 51% - 60% - 3:36
2 - 49% - 40% - 3:27
PP Defense
1 - 76% - 60% - 5:21
2 - 24% - 40% - 1:42
PK Forward
1 - 76% - 60% - 7:00
2 - 24% - 40% - 2:16
PK Defense
1 - 43% - 60% - 4:00
2 - 57% - 40% - 5:16
PK3 Forward
1 - 0% - 60%
2 - 0% - 40%
PK3 Defense
1 - 0% - 60%
2 - 0% - 40%
44 Forward
1 - 91% - 60% - 2:03
2 - 9% - 40% - 0:12
44 Defense
1 - 76% - 60% - 1:42
2 - 24% - 40% - 0:33
Last Minute Offensive  - 0:00
Last Minute Defensive  - 0:00
Total
Forward - 60:00
Defense - 60:00

% Time on Ice - Capitals

Lines # - Real PCT - Wanted PCT - Time Play
Normal Forward
1 - 30% - 40% - 12:29
2 - 28% - 30% - 11:27
3 - 30% - 20% - 12:15
4 - 13% - 10% - 5:15
Normal Defense
1 - 36% - 40% - 14:57
2 - 34% - 30% - 13:58
3 - 24% - 20% - 9:55
4 - 6% - 10% - 2:36
PP Forward
1 - 54% - 60% - 5:01
2 - 46% - 40% - 4:15
PP Defense
1 - 57% - 60% - 5:16
2 - 43% - 40% - 4:00
PK Forward
1 - 74% - 60% - 4:20
2 - 26% - 40% - 1:29
PK Defense
1 - 74% - 60% - 4:19
2 - 26% - 40% - 1:30
PK3 Forward
1 - 86% - 60% - 1:04
2 - 14% - 40% - 0:10
PK3 Defense
1 - 50% - 60% - 0:37
2 - 50% - 40% - 0:37
44 Forward
1 - 84% - 60% - 1:54
2 - 16% - 40% - 0:21
44 Defense
1 - 73% - 60% - 1:39
2 - 27% - 40% - 0:36
Last Minute Offensive  - 0:00
Last Minute Defensive  - 0:00
Total
Forward - 60:00
Defense - 60:00

Play by Play

1st period


0:01 of 1st period - Jeff Carter wins face-off versus Jarome Iginla in neutral zone.
1:49 of 1st period - Paul Stastny is hit by Michael Ryder and loses puck.
1:56 of 1st period - Snap shot by Michael Ryder.
1:56 of 1st period - Stopped by Tim Thomas with a rebound.
1:58 of 1st period - Slapshot by Stephane Robidas.
1:58 of 1st period - Shot Blocked by Jay Harrison.
3:22 of 1st period - Snap shot by Jeff Carter.
3:22 of 1st period - Stopped by Tim Thomas without a rebound.
3:23 of 1st period - Ryan Getzlaf wins face-off versus Paul Gaustad in Capitals zone.
3:58 of 1st period - Chris Kunitz is hit by Ladislav Smid and loses puck.
4:10 of 1st period - Icing by Paul Stastny.
4:11 of 1st period - Matthew Lombardi wins face-off versus Chris Kunitz in Capitals zone.
4:30 of 1st period - Slapshot by Chris Kunitz.
4:30 of 1st period - Shot Misses the Net.
4:32 of 1st period - Slapshot by Bryce Salvador.
4:32 of 1st period - Shot Misses the Net.
4:34 of 1st period - Snap shot by Chris Kunitz.
4:34 of 1st period - Stopped by Chris Mason with a rebound.
4:36 of 1st period - Wrist shot by Chris Kunitz.
4:36 of 1st period - Shot Blocked by Matthew Lombardi.
4:38 of 1st period - Slapshot by Jay Harrison.
4:38 of 1st period - Stopped by Chris Mason without a rebound.
4:39 of 1st period - Paul Gaustad wins face-off versus Nicklas Backstrom in Flyers zone.
4:41 of 1st period - Minor Penalty to Eric Brewer for Roughing.
4:42 of 1st period - Nicklas Backstrom wins face-off versus Jeff O'Neill in Flyers zone.
5:39 of 1st period - Wrist shot by Ales Hemsky.
5:39 of 1st period - Shot Misses the Net.
5:55 of 1st period - Snap shot by Ales Hemsky.
5:55 of 1st period - Shot Blocked by Ladislav Smid.
5:57 of 1st period - Snap shot by Ryan Getzlaf.
5:57 of 1st period - Shot Misses the Net.
5:59 of 1st period - Snap shot by Tom Poti.
5:59 of 1st period - Shot Blocked by Ladislav Smid.
6:07 of 1st period - Wrist shot by Ryan Getzlaf.
6:07 of 1st period - Goal by Ryan Getzlaf - Flyers : 0 - Capitals : 1.
6:08 of 1st period - Jeff Carter wins face-off versus Nicklas Backstrom in neutral zone.
6:11 of 1st period - Marc-Édouard Vlasic is hit by Jeff Carter and loses puck.
6:39 of 1st period - Snap shot by Jeff O'Neill.
6:39 of 1st period - Deflect By Michael Ryder.
6:39 of 1st period - Stopped by Tim Thomas without a rebound.
6:40 of 1st period - Jeff O'Neill wins face-off versus Paul Stastny in Capitals zone.
6:50 of 1st period - Minor Penalty to Chris Kunitz for Holding.
6:51 of 1st period - Jeff Carter wins face-off versus Jarome Iginla in Capitals zone.
7:07 of 1st period - Wrist shot by Martin St. Louis.
7:07 of 1st period - Shot Misses the Net.
7:21 of 1st period - Jarome Iginla is hit by Paul Gaustad and loses puck.
7:34 of 1st period - Ryan Getzlaf is hit by Miroslav Satan and loses puck.
8:23 of 1st period - Wrist shot by Miroslav Satan.
8:23 of 1st period - Stopped by Tim Thomas without a rebound.
8:24 of 1st period - Jeff Carter wins face-off versus Jarome Iginla in Capitals zone.
8:45 of 1st period - Nicklas Backstrom is hit by Trevor Daley and loses puck.
8:50 of 1st period - Penalty to Chris Kunitz is over, Chris Kunitz is back on ice.
9:00 of 1st period - Slapshot by Petr Schastlivy.
9:00 of 1st period - Stopped by Tim Thomas with a rebound.
9:02 of 1st period - Slapshot by Trevor Daley.
9:02 of 1st period - Stopped by Tim Thomas with a rebound.
9:04 of 1st period - Snap shot by Matthew Lombardi.
9:04 of 1st period - Shot Blocked by Ryan Suter.
9:06 of 1st period - Slapshot by Eric Brewer.
9:06 of 1st period - Stopped by Tim Thomas with a rebound.
9:08 of 1st period - Wrist shot by Eric Brewer.
9:08 of 1st period - Stopped by Tim Thomas with a rebound.
9:18 of 1st period - Wrist shot by Jarome Iginla.
9:18 of 1st period - Stopped by Chris Mason without a rebound.
9:19 of 1st period - Jeff O'Neill wins face-off versus David Krejci in Flyers zone.
9:43 of 1st period - Wrist shot by Jeff Carter.
9:43 of 1st period - Stopped by Tim Thomas without a rebound.
9:44 of 1st period - Jeff Carter wins face-off versus Paul Stastny in Capitals zone.
9:47 of 1st period - Wrist shot by Scott Hartnell.
9:47 of 1st period - Stopped by Tim Thomas with a rebound.
10:08 of 1st period - Jeff Carter is hit by Chris Kunitz and loses puck.
10:27 of 1st period - Snap shot by Paul Stastny.
10:27 of 1st period - Shot Misses the Net.
10:29 of 1st period - Slapshot by Tom Poti.
10:29 of 1st period - Deflect By Jeff Carter.
10:29 of 1st period - Stopped by Chris Mason with a rebound.
10:31 of 1st period - Wrist shot by Phil Kessel.
10:31 of 1st period - Stopped by Chris Mason without a rebound.
10:32 of 1st period - Paul Gaustad wins face-off versus Nicklas Backstrom in Flyers zone.
10:34 of 1st period - Stephane Robidas is hit by Ryan Suter and loses puck.
10:39 of 1st period - Marc-Édouard Vlasic is hit by Stephane Robidas and loses puck.
12:32 of 1st period - Wrist shot by Paul Gaustad.
12:32 of 1st period - Stopped by Tim Thomas with a rebound.
12:42 of 1st period - Slapshot by Anton Volchenkov.
12:42 of 1st period - Shot Misses the Net.
12:48 of 1st period - Anton Volchenkov is hit by Pascal Dupuis and loses puck.
13:09 of 1st period - Chris Kunitz is hit by Scott Hartnell and loses puck.
13:26 of 1st period - Snap shot by Paul Stastny.
13:26 of 1st period - Shot Misses the Net.
13:36 of 1st period - Anton Volchenkov is hit by Stephane Robidas and loses puck.
14:30 of 1st period - Slapshot by Jarome Iginla.
14:30 of 1st period - Deflect By David Krejci.
14:30 of 1st period - Stopped by Chris Mason without a rebound.
14:31 of 1st period - David Krejci wins face-off versus Jeff Carter in Flyers zone.
15:06 of 1st period - Wrist shot by Loui Eriksson.
15:06 of 1st period - Shot Blocked by Trevor Daley.
15:50 of 1st period - Bryce Salvador is hit by Petr Schastlivy and loses puck.
16:41 of 1st period - Wrist shot by Martin St. Louis.
16:41 of 1st period - Shot Blocked by Nicklas Backstrom.
17:01 of 1st period - Minor Penalty to Jeff O'Neill for Tripping.
17:02 of 1st period - Matthew Lombardi wins face-off versus Nicklas Backstrom in Flyers zone.
19:01 of 1st period - Penalty to Jeff O'Neill is over, Jeff O'Neill is back on ice.
19:04 of 1st period - Snap shot by Jeff O'Neill.
19:04 of 1st period - Shot Misses the Net.
19:34 of 1st period - Snap shot by Paul Gaustad.
19:34 of 1st period - Stopped by Tim Thomas without a rebound.
19:35 of 1st period - David Krejci wins face-off versus Jeff Carter in Capitals zone.
19:40 of 1st period - Slapshot by Tom Poti.
19:40 of 1st period - Stopped by Chris Mason with a rebound.
Goals for this period are 0 for Flyers vs 1 for Capitals.
Shots for this period are 12 for Flyers vs 8 for Capitals.

2nd period


0:01 of 2nd period - Nicklas Backstrom wins face-off versus Paul Gaustad in neutral zone.
0:25 of 2nd period - Scott Hartnell is hit by Loui Eriksson.
0:31 of 2nd period - Snap shot by Eric Brewer.
0:31 of 2nd period - Stopped by Tim Thomas with a rebound.
1:55 of 2nd period - Slapshot by Eric Brewer.
1:55 of 2nd period - Stopped by Tim Thomas without a rebound.
1:56 of 2nd period - Ryan Getzlaf wins face-off versus Jeff Carter in Capitals zone.
2:01 of 2nd period - Slapshot by Anton Volchenkov.
2:01 of 2nd period - Deflect By Stephane Robidas.
2:01 of 2nd period - Stopped by Chris Mason without a rebound.
2:02 of 2nd period - Ryan Getzlaf wins face-off versus Jeff Carter in Flyers zone.
2:18 of 2nd period - Minor Penalty to Loui Eriksson for Roughing.
2:19 of 2nd period - Jeff Carter wins face-off versus Jarome Iginla in Capitals zone.
2:55 of 2nd period - Slapshot by Miroslav Satan.
2:55 of 2nd period - Goal by Miroslav Satan - Flyers : 1 - Capitals : 1.
2:56 of 2nd period - Paul Gaustad wins face-off versus Nicklas Backstrom in neutral zone.
3:11 of 2nd period - Snap shot by Eric Brewer.
3:11 of 2nd period - Stopped by Tim Thomas without a rebound.
3:12 of 2nd period - Ryan Getzlaf wins face-off versus Jeff Carter in Capitals zone.
3:12 of 2nd period - Ryan Getzlaf is hit by Scott Hartnell.
3:44 of 2nd period - Snap shot by Miroslav Satan.
3:44 of 2nd period - Stopped by Tim Thomas without a rebound.
3:45 of 2nd period - Nicklas Backstrom wins face-off versus Paul Gaustad in Capitals zone.
4:22 of 2nd period - Snap shot by Paul Stastny.
4:22 of 2nd period - Shot Misses the Net.
4:30 of 2nd period - Snap shot by Ryane Clowe.
4:30 of 2nd period - Shot Misses the Net.
4:32 of 2nd period - Snap shot by Ryane Clowe.
4:32 of 2nd period - Shot Blocked by Ryan Suter.
4:34 of 2nd period - Wrist shot by Ryane Clowe.
4:34 of 2nd period - Shot Misses the Net.
4:36 of 2nd period - Snap shot by Miroslav Satan.
4:36 of 2nd period - Stopped by Tim Thomas with a rebound.
4:38 of 2nd period - Slapshot by Jonathan Ericsson.
4:38 of 2nd period - Shot Blocked by Ryan Suter.
4:56 of 2nd period - Wrist shot by Paul Gaustad.
4:56 of 2nd period - Stopped by Tim Thomas with a rebound.
5:12 of 2nd period - Snap shot by Miroslav Satan.
5:12 of 2nd period - Shot Misses the Net.
5:16 of 2nd period - Wrist shot by Ryane Clowe.
5:16 of 2nd period - Shot Misses the Net.
5:18 of 2nd period - Slapshot by Jonathan Ericsson.
5:18 of 2nd period - Shot Blocked by Paul Stastny.
5:50 of 2nd period - Snap shot by Paul Gaustad.
5:50 of 2nd period - Deflect By Ryane Clowe.
5:50 of 2nd period - Shot Misses the Net.
5:50 of 2nd period - Puck is out of play.
5:51 of 2nd period - Jeff Carter wins face-off versus Nicklas Backstrom in Capitals zone.
6:16 of 2nd period - Eric Brewer is hit by Loui Eriksson and loses puck.
6:36 of 2nd period - Off-side.
6:37 of 2nd period - Matthew Lombardi wins face-off versus David Krejci in neutral zone.
6:37 of 2nd period - Matthew Lombardi is hit by Jarome Iginla.
6:41 of 2nd period - Jay Harrison is hit by Matthew Lombardi and loses puck.
6:48 of 2nd period - Backhand shot by Matthew Lombardi.
6:48 of 2nd period - Stopped by Tim Thomas without a rebound.
6:49 of 2nd period - Jeff Carter wins face-off versus Nicklas Backstrom in Capitals zone.
7:16 of 2nd period - Ales Hemsky is hit by Jeff O'Neill and loses puck.
7:25 of 2nd period - Wrist shot by Marcel Hossa.
7:25 of 2nd period - Shot Misses the Net.
7:27 of 2nd period - Slapshot by Eric Brewer.
7:27 of 2nd period - Shot Blocked by Bryce Salvador.
7:45 of 2nd period - Minor Penalty to Petr Schastlivy for Interference.
7:46 of 2nd period - Nicklas Backstrom wins face-off versus Jeff O'Neill in Flyers zone.
9:00 of 2nd period - Marcel Hossa is hit by Ales Hemsky and loses puck.
9:15 of 2nd period - Jarome Iginla is hit by Jeff O'Neill and loses puck.
9:22 of 2nd period - Trevor Daley is hit by Jarome Iginla and loses puck.
9:45 of 2nd period - Penalty to Petr Schastlivy is over, Petr Schastlivy is back on ice.
11:12 of 2nd period - Tom Poti is hit by Petr Schastlivy.
12:01 of 2nd period - Ryan Suter is hit by Eric Brewer and loses puck.
12:44 of 2nd period - Martin St. Louis is hit by David Krejci and loses puck.
13:03 of 2nd period - Nicklas Backstrom is hit by Marcel Hossa and loses puck.
13:43 of 2nd period - Scott Hannan is hit by Paul Stastny and loses puck.
13:58 of 2nd period - Snap shot by David Krejci.
13:58 of 2nd period - Stopped by Chris Mason without a rebound.
13:59 of 2nd period - David Krejci wins face-off versus Paul Gaustad in Flyers zone.
14:10 of 2nd period - Slapshot by Paul Stastny.
14:10 of 2nd period - Stopped by Chris Mason with a rebound.
14:12 of 2nd period - Slapshot by Anton Volchenkov.
14:12 of 2nd period - Shot Misses the Net.
14:31 of 2nd period - Snap shot by Michael Ryder.
14:31 of 2nd period - Stopped by Tim Thomas without a rebound.
14:32 of 2nd period - Ryan Getzlaf wins face-off versus Jeff Carter in Capitals zone.
14:48 of 2nd period - Minor Penalty to Ryan Getzlaf for Hooking.
14:49 of 2nd period - Jarome Iginla wins face-off versus Jeff Carter in Capitals zone.
15:38 of 2nd period - Minor Penalty to Eric Brewer for Tripping.
15:39 of 2nd period - Jarome Iginla wins face-off versus Martin St. Louis in Flyers zone.
16:14 of 2nd period - Snap shot by Chris Kunitz.
16:14 of 2nd period - Stopped by Chris Mason with a rebound.
16:24 of 2nd period - Snap shot by Jeff Carter.
16:24 of 2nd period - Stopped by Tim Thomas with a rebound.
16:26 of 2nd period - Snap shot by Miroslav Satan.
16:26 of 2nd period - Stopped by Tim Thomas with a rebound.
16:28 of 2nd period - Slapshot by Jonathan Ericsson.
16:28 of 2nd period - Stopped by Tim Thomas with a rebound.
16:30 of 2nd period - Wrist shot by Paul Gaustad.
16:30 of 2nd period - Shot Misses the Net.
16:32 of 2nd period - Slapshot by Jonathan Ericsson.
16:32 of 2nd period - Deflect By Thomas Vanek.
16:32 of 2nd period - Goal by Jonathan Ericsson - Flyers : 2 - Capitals : 1.
16:33 of 2nd period - Martin St. Louis wins face-off versus Jarome Iginla in neutral zone.
16:38 of 2nd period - Snap shot by Jeff Carter.
16:38 of 2nd period - Stopped by Tim Thomas without a rebound.
16:39 of 2nd period - Jarome Iginla wins face-off versus Martin St. Louis in Capitals zone.
16:48 of 2nd period - Penalty to Ryan Getzlaf is over, Ryan Getzlaf is back on ice.
17:07 of 2nd period - Wrist shot by Ales Hemsky.
17:07 of 2nd period - Shot Blocked by Jonathan Ericsson.
17:09 of 2nd period - Snap shot by Ales Hemsky.
17:09 of 2nd period - Shot Blocked by Jeff O'Neill.
17:38 of 2nd period - Penalty to Eric Brewer is over, Eric Brewer is back on ice.
17:42 of 2nd period - Scott Hannan is hit by Ryan Suter and loses puck.
17:49 of 2nd period - Wrist shot by Phil Kessel.
17:49 of 2nd period - Stopped by Chris Mason without a rebound.
17:50 of 2nd period - Paul Stastny wins face-off versus Paul Gaustad in Flyers zone.
17:57 of 2nd period - Snap shot by Paul Gaustad.
17:57 of 2nd period - Shot Misses the Net.
17:59 of 2nd period - Snap shot by Stephane Robidas.
17:59 of 2nd period - Shot Misses the Net.
18:03 of 2nd period - Snap shot by Paul Gaustad.
18:03 of 2nd period - Deflect By Ryane Clowe.
18:03 of 2nd period - Shot Misses the Net.
18:03 of 2nd period - Puck is out of play.
18:04 of 2nd period - Jeff Carter wins face-off versus Nicklas Backstrom in Capitals zone.
18:34 of 2nd period - Eric Brewer is hit by Marc-Édouard Vlasic and loses puck.
18:58 of 2nd period - Snap shot by Marcel Hossa.
18:58 of 2nd period - Stopped by Tim Thomas with a rebound.
19:00 of 2nd period - Slapshot by Jonathan Ericsson.
19:00 of 2nd period - Stopped by Tim Thomas with a rebound.
19:35 of 2nd period - Off-side.
19:36 of 2nd period - Nicklas Backstrom wins face-off versus Paul Gaustad in neutral zone.
19:43 of 2nd period - Snap shot by Nicklas Backstrom.
19:43 of 2nd period - Stopped by Chris Mason with a rebound.
Goals for this period are 2 for Flyers vs 0 for Capitals.
Shots for this period are 16 for Flyers vs 6 for Capitals.

3rd period


0:01 of 3rd period - Jeff Carter wins face-off versus Thomas Vanek in neutral zone.
0:16 of 3rd period - Snap shot by Jeff Carter.
0:16 of 3rd period - Shot Misses the Net.
0:26 of 3rd period - Ryane Clowe is hit by Ales Hemsky and loses puck.
1:12 of 3rd period - Snap shot by Jeff Carter.
1:12 of 3rd period - Stopped by Tim Thomas with a rebound.
1:14 of 3rd period - Wrist shot by Eric Brewer.
1:14 of 3rd period - Deflect By David Krejci.
1:14 of 3rd period - Stopped by Tim Thomas without a rebound.
1:14 of 3rd period - Minor Penalty to Tim Thomas for Slashing.
1:15 of 3rd period - Jeff Carter wins face-off versus Thomas Vanek in Capitals zone.
1:49 of 3rd period - Nicklas Backstrom is hit by Stephane Robidas.
1:53 of 3rd period - Slapshot by Marc-Édouard Vlasic.
1:53 of 3rd period - Shot Blocked by Jonathan Ericsson.
2:07 of 3rd period - Minor Penalty to Jeff Carter for Slashing.
2:08 of 3rd period - Jarome Iginla wins face-off versus Martin St. Louis in Flyers zone.
2:09 of 3rd period - Slapshot by Thomas Vanek.
2:09 of 3rd period - Shot Blocked by Jonathan Ericsson.
2:19 of 3rd period - Wrist shot by Martin St. Louis.
2:19 of 3rd period - Shot Misses the Net.
2:21 of 3rd period - Snap shot by Martin St. Louis.
2:21 of 3rd period - Stopped by Tim Thomas with a rebound.
2:49 of 3rd period - Snap shot by Ryan Getzlaf.
2:49 of 3rd period - Stopped by Chris Mason with a rebound.
2:57 of 3rd period - Nicklas Backstrom is hit by Stephane Robidas.
3:14 of 3rd period - Penalty to David Krejci is over, David Krejci is back on ice.
4:00 of 3rd period - Snap shot by David Krejci.
4:00 of 3rd period - Shot Blocked by Ladislav Smid.
4:07 of 3rd period - Penalty to Jeff Carter is over, Jeff Carter is back on ice.
4:20 of 3rd period - Snap shot by Chris Kunitz.
4:20 of 3rd period - Stopped by Chris Mason without a rebound.
4:21 of 3rd period - Thomas Vanek wins face-off versus Paul Gaustad in Flyers zone.
4:28 of 3rd period - Backhand shot by Jarome Iginla.
4:28 of 3rd period - Shot Blocked by Stephane Robidas.
4:30 of 3rd period - Slapshot by Jarome Iginla.
4:30 of 3rd period - Shot Blocked by Ryane Clowe.
4:41 of 3rd period - Minor Penalty to Nicklas Backstrom for Hooking.
4:42 of 3rd period - Jeff Carter wins face-off versus Jarome Iginla in Capitals zone.
4:42 of 3rd period - Snap shot by Martin St. Louis.
4:42 of 3rd period - Shot Misses the Net.
4:44 of 3rd period - Wrist shot by Scott Hartnell.
4:44 of 3rd period - Shot Blocked by Anton Volchenkov.
5:26 of 3rd period - Minor Penalty to Tom Poti for Hooking.
5:27 of 3rd period - Jeff Carter wins face-off versus Jarome Iginla in Capitals zone.
5:34 of 3rd period - Snap shot by Jeff Carter.
5:34 of 3rd period - Shot Misses the Net.
6:41 of 3rd period - Penalty to Nicklas Backstrom is over, Nicklas Backstrom is back on ice.
7:26 of 3rd period - Penalty to Tom Poti is over, Tom Poti is back on ice.
7:49 of 3rd period - Slapshot by Michael Ryder.
7:49 of 3rd period - Deflect By Marcel Hossa.
7:49 of 3rd period - Shot Misses the Net.
7:49 of 3rd period - Puck is out of play.
7:50 of 3rd period - Ryan Getzlaf wins face-off versus Matthew Lombardi in Capitals zone.
8:41 of 3rd period - Slapshot by Martin St. Louis.
8:41 of 3rd period - Goal by Martin St. Louis - Flyers : 3 - Capitals : 1.
8:42 of 3rd period - Jeff Carter wins face-off versus Jarome Iginla in neutral zone.
10:29 of 3rd period - Slapshot by Loui Eriksson.
10:29 of 3rd period - Stopped by Chris Mason with a rebound.
11:09 of 3rd period - Snap shot by Jay Harrison.
11:09 of 3rd period - Deflect By Jonathan Ericsson.
11:09 of 3rd period - Stopped by Chris Mason without a rebound.
11:10 of 3rd period - Ryan Getzlaf wins face-off versus Paul Gaustad in Flyers zone.
11:48 of 3rd period - Snap shot by Paul Gaustad.
11:48 of 3rd period - Deflect By Marc-Édouard Vlasic.
11:48 of 3rd period - Shot Blocked by Marc-Édouard Vlasic.
11:48 of 3rd period - Puck is out of play.
11:49 of 3rd period - Nicklas Backstrom wins face-off versus Jeff Carter in Capitals zone.
11:49 of 3rd period - Nicklas Backstrom is hit by Stephane Robidas.
12:59 of 3rd period - Eric Brewer is hit by Ryan Getzlaf and loses puck.
13:18 of 3rd period - Snap shot by Chris Kunitz.
13:18 of 3rd period - Shot Blocked by Eric Brewer.
13:20 of 3rd period - Backhand shot by Jay Harrison.
13:20 of 3rd period - Shot Blocked by Martin St. Louis.
13:22 of 3rd period - Snap shot by Phil Kessel.
13:22 of 3rd period - Deflect By Chris Kunitz.
13:22 of 3rd period - Shot Blocked by Eric Brewer.
13:22 of 3rd period - Puck is out of play.
13:23 of 3rd period - Nicklas Backstrom wins face-off versus Jeff Carter in Flyers zone.
13:47 of 3rd period - Minor Penalty to Stephane Robidas for Roughing.
13:48 of 3rd period - Thomas Vanek wins face-off versus Jeff O'Neill in Flyers zone.
13:57 of 3rd period - Snap shot by Nicklas Backstrom.
13:57 of 3rd period - Deflect By Thomas Vanek.
13:57 of 3rd period - Goal by Thomas Vanek - Flyers : 3 - Capitals : 2.
13:58 of 3rd period - Scott Hartnell wins face-off versus Nicklas Backstrom in neutral zone.
14:05 of 3rd period - Snap shot by Nicklas Backstrom.
14:05 of 3rd period - Shot Blocked by Jonathan Ericsson.
14:07 of 3rd period - Slapshot by Anton Volchenkov.
14:07 of 3rd period - Stopped by Chris Mason with a rebound.
14:09 of 3rd period - Wrist shot by Tom Poti.
14:09 of 3rd period - Deflect By Jeff Carter.
14:09 of 3rd period - Stopped by Chris Mason without a rebound.
14:10 of 3rd period - Jeff Carter wins face-off versus Nicklas Backstrom in Flyers zone.
14:19 of 3rd period - Jarome Iginla is hit by Martin St. Louis and loses puck.
14:36 of 3rd period - Miroslav Satan is hit by Ales Hemsky and loses puck.
14:41 of 3rd period - Wrist shot by Ales Hemsky.
14:41 of 3rd period - Stopped by Chris Mason with a rebound.
14:43 of 3rd period - Wrist shot by Loui Eriksson.
14:43 of 3rd period - Shot Misses the Net.
14:45 of 3rd period - Snap shot by Marc-Édouard Vlasic.
14:45 of 3rd period - Stopped by Chris Mason with a rebound.
14:47 of 3rd period - Slapshot by Ryan Suter.
14:47 of 3rd period - Stopped by Chris Mason with a rebound.
15:18 of 3rd period - Icing by Michael Ryder.
15:19 of 3rd period - Nicklas Backstrom wins face-off versus Jeff O'Neill in Flyers zone.
15:20 of 3rd period - Snap shot by Jarome Iginla.
15:20 of 3rd period - Shot Blocked by Michael Ryder.
15:43 of 3rd period - Slapshot by Michael Ryder.
15:43 of 3rd period - Shot Misses the Net.
15:49 of 3rd period - Slapshot by Bryce Salvador.
15:49 of 3rd period - Stopped by Chris Mason without a rebound.
15:50 of 3rd period - Jeff Carter wins face-off versus Nicklas Backstrom in Flyers zone.
15:56 of 3rd period - Icing by Martin St. Louis.
15:57 of 3rd period - Nicklas Backstrom wins face-off versus Jeff Carter in Flyers zone.
16:04 of 3rd period - Snap shot by Jarome Iginla.
16:04 of 3rd period - Stopped by Chris Mason without a rebound.
16:05 of 3rd period - Jeff O'Neill wins face-off versus Nicklas Backstrom in Flyers zone.
16:52 of 3rd period - Slapshot by Petr Schastlivy.
16:52 of 3rd period - Shot Blocked by Tom Poti.
17:16 of 3rd period - Slapshot by Ryane Clowe.
17:16 of 3rd period - Stopped by Tim Thomas with a rebound.
17:18 of 3rd period - Snap shot by Paul Gaustad.
17:18 of 3rd period - Deflect By Miroslav Satan.
17:18 of 3rd period - Goal by Miroslav Satan - Flyers : 4 - Capitals : 2.
17:19 of 3rd period - Thomas Vanek wins face-off versus Michael Ryder in neutral zone.
17:26 of 3rd period - Wrist shot by Marcel Hossa.
17:26 of 3rd period - Goal by Marcel Hossa - Flyers : 5 - Capitals : 2.
17:27 of 3rd period - Nicklas Backstrom wins face-off versus Jeff Carter in neutral zone.
17:27 of 3rd period - Jarome Iginla is hit by Jonathan Ericsson and loses puck.
17:48 of 3rd period - Minor Penalty to Jeff Carter for Holding.
17:49 of 3rd period - Jeff O'Neill wins face-off versus Nicklas Backstrom in Flyers zone.
17:49 of 3rd period - Jeff O'Neill is hit by Nicklas Backstrom.
18:27 of 3rd period - Ladislav Smid is hit by Thomas Vanek and loses puck.
19:48 of 3rd period - Penalty to Jeff Carter is over, Jeff Carter is back on ice.
Goals for this period are 3 for Flyers vs 1 for Capitals.
Shots for this period are 7 for Flyers vs 12 for Capitals.


Output by the SimonT Hockey Simulator (STHS) for François Prévost -- Original Page W3C XHTML 1.0 Valid
Hockey Simulator - Hockey Simulation - Hockey Manager